PUB
ORLANDO ORACLES @ KINUSO BLUES
05/22/1972
 
TOP OF THE 1ST
Orlando Oracles batting - Pitching for Kinuso Blues : RHP Abraham Peterson
Pitching: RHP Abraham Peterson
Batting: RHB Cesar Cedeno 0-0: Called Strike
0-1: Called Strike
0-2: Ball
1-2: Ball
2-2: SINGLE (Line Drive, 4D, EV 63.1 MPH)
Batting: RHB Bill Freehan 0-0: Ball
1-0: Called Strike
1-1: Swinging Strike
1-2: Ball
2-2: Fly out, F9 (Flyball, 89D, EV 105.6 MPH)
Batting: LHB Ron Gamble 0-0: Ball
1-0: Ball
2-0: Called Strike
2-1: Called Strike
2-2: Strikes out swinging
Batting: RHB Bob Robertson 0-0: Ball
1-0: SINGLE (Line Drive, 89S, EV 100.6 MPH)
Cesar Cedeno to second
Batting: LHB Ken'ichi Taketo 0-0: Foul Ball, location: 5FF
0-1: Called Strike
0-2: Strikes out swinging
Top of the 1st over - 0 runs, 2 hits, 0 errors, 2 left on base; Orlando 0 - Kinuso 0
BOTTOM OF THE 1ST
Kinuso Blues batting - Pitching for Orlando Oracles : LHP Gregory Allen
Pitching: LHP Gregory Allen
Batting: LHB Ricardo Vivo 0-0: Ground out 6-3 (Groundball, 6, EV 84.4 MPH)
Batting: LHB Von Joshua 0-0: Ball
1-0: Ball
2-0: Ground out 4-3 (Groundball, 34D, EV 111.3 MPH)
Batting: LHB John Heller 0-0: Called Strike
0-1: Ball
1-1: Swinging Strike
1-2: Strikes out looking
Bottom of the 1st over - 0 runs, 0 hits, 0 errors, 0 left on base; Orlando 0 - Kinuso 0
TOP OF THE 2ND
Orlando Oracles batting - Pitching for Kinuso Blues : RHP Abraham Peterson
Batting: RHB Edward Wilson 0-0: Called Strike
0-1: Called Strike
0-2: Strikes out swinging
Batting: RHB Miguel Chávez 0-0: Ball
1-0: Foul Ball, location: 9LDF
1-1: Swinging Strike
1-2: Ball
2-2: Foul Ball, location: 2F
2-2: Foul Ball, location: 23FF
2-2: Ball
3-2: Fly out, F4 (Popup, 4M, EV 58.1 MPH)
Batting: RHB Dan Brown 0-0: Called Strike
0-1: Ball
1-1: Called Strike
1-2: Foul Ball, location: 2F
1-2: Foul Ball, location: 2F
1-2: SINGLE (Flyball, 8LS, EV 80.6 MPH)
Batting: LHB Gregory Allen 0-0: Fielders Choice at 2nd, 6-4 (Groundball, 6, EV 100.6 MPH)
Top of the 2nd over - 0 runs, 1 hit, 0 errors, 1 left on base; Orlando 0 - Kinuso 0
BOTTOM OF THE 2ND
Kinuso Blues batting - Pitching for Orlando Oracles : LHP Gregory Allen
Batting: RHB Thurman Munson 0-0: Called Strike
0-1: Fly out, F6 (Popup, 6D, EV 50.6 MPH)
Batting: RHB Manabu Azuma 0-0: Ground out 4-3 (Groundball, 4MS, EV 86.9 MPH)
Batting: SHB Ken Henderson 0-0: Ball
1-0: Fly out, F4 (Popup, 3S, EV 87.5 MPH)
Bottom of the 2nd over - 0 runs, 0 hits, 0 errors, 0 left on base; Orlando 0 - Kinuso 0
TOP OF THE 3RD
Orlando Oracles batting - Pitching for Kinuso Blues : RHP Abraham Peterson
Batting: RHB Cesar Cedeno 0-0: Called Strike
0-1: Foul Ball, location: 9LDF
0-2: Strikes out looking
Batting: RHB Bill Freehan 0-0: Ball
1-0: Ball
2-0: Ball
3-0: Base on Balls
Batting: LHB Ron Gamble 0-0: Called Strike
0-1: Ball
1-1: Called Strike
1-2: Ball
2-2: Grounds into double play, 6-4-3 (Groundball, 6, EV 85.0 MPH)
Top of the 3rd over - 0 runs, 0 hits, 0 errors, 0 left on base; Orlando 0 - Kinuso 0
BOTTOM OF THE 3RD
Kinuso Blues batting - Pitching for Orlando Oracles : LHP Gregory Allen
Batting: RHB César Muñóz 0-0: Ball
1-0: Called Strike
1-1: Called Strike
1-2: Foul Ball, location: 7LSF
1-2: Strikes out swinging
Batting: RHB Steve Powell 0-0: Ball
1-0: Called Strike
1-1: Ball
2-1: Ball
3-1: SINGLE (Groundball, 3S, EV 70.6 MPH) (infield hit)
Batting: LHB Abraham Peterson 0-0: Bunted foul
0-1: Ball
1-1: Bunt missed!
1-2: Sac Bunt to 5S - play at first, batter OUT! 5-3
Steve Powell to second
Batting: LHB Ricardo Vivo 0-0: Ball
1-0: Ball
2-0: Called Strike
2-1: Fly out, F5 (Line Drive, 56, EV 66.9 MPH)
Bottom of the 3rd over - 0 runs, 1 hit, 0 errors, 1 left on base; Orlando 0 - Kinuso 0
TOP OF THE 4TH
Orlando Oracles batting - Pitching for Kinuso Blues : RHP Abraham Peterson
Batting: RHB Bob Robertson 0-0: Ball
1-0: Ball
2-0: Ball
3-0: Called Strike
3-1: Base on Balls
Batting: LHB Ken'ichi Taketo 0-0: Grounds into double play, 4-6-3 (Groundball, 34, EV 90.0 MPH)
Batting: RHB Edward Wilson 0-0: Ball
1-0: Called Strike
1-1: Swinging Strike
1-2: Strikes out looking
Top of the 4th over - 0 runs, 0 hits, 0 errors, 0 left on base; Orlando 0 - Kinuso 0
BOTTOM OF THE 4TH
Kinuso Blues batting - Pitching for Orlando Oracles : LHP Gregory Allen
Batting: LHB Von Joshua 0-0: DOUBLE (Groundball, 3L, EV 98.1 MPH)
Batting: LHB John Heller 0-0: Called Strike
0-1: Ball
1-1: Ball
2-1: Foul Ball, location: 23FF
2-2: Ball
3-2: Ground out 4-3 (Groundball, 4MS, EV 65.6 MPH)
Von Joshua to third
Batting: RHB Thurman Munson 0-0: Foul Ball, location: 2F
0-1: Foul Ball, location: 5FF
0-2: Ball
1-2: Ball
2-2: Ball
3-2: Foul Ball, location: 25FF
3-2: Foul Ball, location: 2F
3-2: Ground out 5-3 (Groundball, 56S, EV 87.5 MPH)
Von Joshua scores
Batting: RHB Manabu Azuma 0-0: Called Strike
0-1: Ball
1-1: SOLO HOME RUN (Flyball, 7D, EV 93.1 MPH), Distance : 371 ft
Batting: SHB Ken Henderson 0-0: Ball
1-0: Ball
2-0: Ground out 6-3 (Groundball, 6, EV 78.1 MPH)
Bottom of the 4th over - 2 runs, 2 hits, 0 errors, 0 left on base; Orlando 0 - Kinuso 2
TOP OF THE 5TH
Orlando Oracles batting - Pitching for Kinuso Blues : RHP Abraham Peterson
Batting: RHB Miguel Chávez 0-0: Ball
1-0: Fly out, F4 (Popup, 4, EV 54.4 MPH)
Batting: RHB Dan Brown 0-0: Called Strike
0-1: Ball
1-1: Ball
2-1: Foul Ball, location: 23FF
2-2: Foul Ball, location: 2F
2-2: Ball
3-2: SINGLE (Groundball, 6M, EV 100.6 MPH) (infield hit)
Batting: LHB Gregory Allen 0-0: Ball
1-0: Ball
2-0: Bunted foul
2-1: Sac Bunt to 2L - play at first, batter OUT! 2-3
Dan Brown to second
Batting: RHB Cesar Cedeno 0-0: Called Strike
0-1: Fly out, F8 (Flyball, 89M, EV 82.5 MPH)
Top of the 5th over - 0 runs, 1 hit, 0 errors, 1 left on base; Orlando 0 - Kinuso 2
BOTTOM OF THE 5TH
Kinuso Blues batting - Pitching for Orlando Oracles : LHP Gregory Allen
Batting: RHB César Muñóz 0-0: Ball
1-0: Swinging Strike
1-1: Ball
2-1: Ball
3-1: Base on Balls
Batting: RHB Steve Powell 0-0: Ball
1-0: Ball
2-0: SINGLE (Groundball, 34D, EV 94.4 MPH)
César Muñóz to second
Runner from 2nd tries for 3rd, SAFE, throw by RF made to third
Batting: LHB Abraham Peterson 0-0: Sac Bunt to 23 - play at first, batter OUT! 3-4
Steve Powell to second
Batting: LHB Ricardo Vivo 0-0: Ball
1-0: Foul Ball, location: 9LSFF
1-1: Fielders Choice at home, 6-2 (Groundball, 6, EV 108.1 MPH)
Steve Powell to third
Batting: LHB Von Joshua 0-0: Foul Ball, location: 23F
0-1: Swinging Strike
0-2: Foul Ball, location: 7LMF
0-2: Strikes out swinging
Bottom of the 5th over - 0 runs, 1 hit, 0 errors, 2 left on base; Orlando 0 - Kinuso 2
TOP OF THE 6TH
Orlando Oracles batting - Pitching for Kinuso Blues : RHP Abraham Peterson
Batting: RHB Bill Freehan 0-0: Swinging Strike
0-1: Swinging Strike
0-2: Foul Ball, location: 2F
0-2: Strikes out swinging
Batting: LHB Ron Gamble 0-0: Ball
1-0: Ball
2-0: SINGLE (Line Drive, 7LS, EV 89.4 MPH)
Batting: RHB Bob Robertson 0-0: Ball
1-0: Called Strike
1-1: Foul Ball, location: 9LMF
1-2: Ball
2-2: Strikes out swinging
Batting: LHB Ken'ichi Taketo 0-0: 2-RUN HOME RUN (Flyball, 7LD, EV 92.5 MPH), Distance : 357 ft
Batting: RHB Edward Wilson 0-0: Ball
1-0: Ball
2-0: SINGLE (Groundball, 6M, EV 103.8 MPH) (infield hit)
Pitching: RHP Kris Jordan
Batting: RHB Miguel Chávez 0-0: Ball
1-0: Called Strike
Edward Wilson steals 2nd base (no throw)
1-1: Ball
2-1: Called Strike
2-2: Foul Ball, location: 2F
2-2: Ball
3-2: Base on Balls
Batting: RHB Dan Brown 0-0: Called Strike
0-1: Swinging Strike
0-2: Ball
1-2: Strikes out swinging
Top of the 6th over - 2 runs, 3 hits, 0 errors, 2 left on base; Orlando 2 - Kinuso 2
BOTTOM OF THE 6TH
Kinuso Blues batting - Pitching for Orlando Oracles : LHP Gregory Allen
Batting: LHB John Heller 0-0: Ball
1-0: Foul Ball, location: 5FF
1-1: Swinging Strike
1-2: DOUBLE (Line Drive, 9LM, EV 108.1 MPH)
Batting: RHB Thurman Munson 0-0: Foul Ball, location: 2F
0-1: Ball
1-1: Ball
2-1: Ground out 6-3 (Groundball, 6, EV 89.4 MPH)
Batting: RHB Manabu Azuma 0-0: Called Strike
0-1: Ball
1-1: Ball
2-1: Foul Ball, location: 5FF
2-2: Foul Ball, location: 3F
2-2: Ground out U3 (Groundball, 3, EV 80.6 MPH)
John Heller to third
Batting: SHB Ken Henderson 0-0: Called Strike
0-1: Foul Ball, location: 2F
0-2: Ball
1-2: DOUBLE (Groundball, 5L, EV 103.1 MPH)
John Heller scores
Batting: RHB César Muñóz 0-0: Ball
1-0: Foul Ball, location: 9LSF
1-1: Swinging Strike
1-2: Strikes out swinging
Bottom of the 6th over - 1 run, 2 hits, 0 errors, 1 left on base; Orlando 2 - Kinuso 3
TOP OF THE 7TH
Orlando Oracles batting - Pitching for Kinuso Blues : RHP Kris Jordan
Batting: LHB Gregory Allen 0-0: Called Strike
0-1: Called Strike
0-2: Ball
1-2: Foul Ball, location: 2F
1-2: Strikes out swinging
Batting: RHB Cesar Cedeno 0-0: Ball
1-0: Ball
2-0: Foul Ball, location: 23F
2-1: Fly out, F4 (Line Drive, 4M, EV 105.0 MPH)
Batting: RHB Bill Freehan 0-0: Ball
1-0: Ball
2-0: Ball
3-0: Called Strike
3-1: Base on Balls
Batting: LHB Ron Gamble 0-0: Ball
1-0: Called Strike
1-1: Ball
2-1: Swinging Strike
2-2: Strikes out swinging
Top of the 7th over - 0 runs, 0 hits, 0 errors, 1 left on base; Orlando 2 - Kinuso 3
BOTTOM OF THE 7TH
Kinuso Blues batting - Pitching for Orlando Oracles : LHP Gregory Allen
Batting: RHB Steve Powell 0-0: Ball
1-0: SINGLE (Groundball, 34D, EV 94.4 MPH)
Pinch Hitting: RHB Bob Jenkins 0-0: Ball
Wild Pitch!
Steve Powell to second
1-0: Ball
2-0: Called Strike
2-1: Ball
3-1: Called Strike
3-2: Foul Ball, location: 2F
3-2: Base on Balls
Batting: LHB Ricardo Vivo 0-0: Foul Ball, location: 7LMF
0-1: Bunted foul
0-2: Ball
1-2: Ball
2-2: Foul Ball, location: 3DF
2-2: Ball
3-2: Base on Balls
Steve Powell to third
Bob Jenkins to second
Batting: LHB Von Joshua 0-0: Ball
1-0: Grounds into fielders choice 6-2 (Groundball, 6S, EV 74.4 MPH)
Bob Jenkins to third
Ricardo Vivo to second
Batting: LHB John Heller 0-0: Ball
1-0: Ball
2-0: Ball
3-0: Called Strike
3-1: DOUBLE (Flyball, 8RXD, EV 93.8 MPH)
Bob Jenkins scores
Ricardo Vivo scores
Von Joshua to third
Runner from 3rd tries for Home, SAFE, throw by CF to trailing runner, SAFE at third!
Pitching: RHP Dean Chance
Batting: RHB Thurman Munson 0-0: Called Strike
0-1: Ball
1-1: 2-RUN HOME RUN (Line Drive, 9D, EV 98.8 MPH), Distance : 390 ft
Batting: RHB Manabu Azuma 0-0: Ground out 5-3 (Groundball, 56, EV 86.3 MPH)
Batting: SHB Ken Henderson 0-0: Ball
1-0: Foul Ball, location: 2RF
1-1: Called Strike
1-2: Foul Ball, location: 2F
1-2: Ball
2-2: Strikes out swinging, 2-3 out at first.
Bottom of the 7th over - 5 runs, 3 hits, 0 errors, 0 left on base; Orlando 2 - Kinuso 8
TOP OF THE 8TH
Orlando Oracles batting - Pitching for Kinuso Blues : RHP Kris Jordan
Pitching: LHP Claudio Lucero
Batting: RHB Bob Robertson 0-0: Foul Ball, location: 25F
0-1: Swinging Strike
0-2: Foul Ball, location: 23FF
0-2: Ball
1-2: Ball
2-2: Foul Ball, location: 23FF
2-2: Fly out, F7 (Flyball, 78M, EV 90.6 MPH)
Batting: LHB Ken'ichi Taketo 0-0: Ball
1-0: Called Strike
1-1: Swinging Strike
1-2: Ball
2-2: Ball
3-2: Foul Ball, location: 3SF
3-2: Hit by Pitch
Batting: RHB Edward Wilson 0-0: Foul Ball, location: 2F
0-1: Foul Ball, location: 9LDF
0-2: Ball
1-2: Foul Ball, location: 2F
1-2: Grounds into double play, 6-4-3 (Groundball, 6S, EV 85.6 MPH)
Top of the 8th over - 0 runs, 0 hits, 0 errors, 0 left on base; Orlando 2 - Kinuso 8
BOTTOM OF THE 8TH
Kinuso Blues batting - Pitching for Orlando Oracles : RHP Dean Chance
Batting: RHB César Muñóz 0-0: Ball
1-0: Ball
2-0: Ball
3-0: Called Strike
3-1: Base on Balls
Batting: RHB Steve Powell 0-0: Ball
1-0: Called Strike
1-1: Ball
2-1: Grounds into double play, 5-4-3 (Groundball, 5, EV 91.3 MPH)
Pinch Hitting: RHB Andy Stevens 0-0: Ball
1-0: Ground out 6-3 (Groundball, 6, EV 107.5 MPH)
Bottom of the 8th over - 0 runs, 0 hits, 0 errors, 0 left on base; Orlando 2 - Kinuso 8
TOP OF THE 9TH
Orlando Oracles batting - Pitching for Kinuso Blues : LHP Claudio Lucero
Pitching: RHP Yoshihide Ito
Batting: RHB Miguel Chávez 0-0: Fly out, F3 (Popup, 3L, EV 63.8 MPH)
Batting: RHB Dan Brown 0-0: Ground out 3-1 (Groundball, 34S, EV 95.0 MPH)
Pinch Hitting: LHB Rusty Staub 0-0: Foul Ball, location: 7LSF
0-1: Ball
1-1: Ball
2-1: Foul Ball, location: 7LDF
2-2: Ground out 1-3 (Groundball, 34S, EV 61.9 MPH)
Top of the 9th over - 0 runs, 0 hits, 0 errors, 0 left on base; Orlando 2 - Kinuso 8
Tuesday, March 19th , 2024 - OOTP Baseball 24.8 Build 75